 Dungeon Crawl Stone Soup version 0.22.0 (webtiles) character file.

59 Exaltedone87 the Cudgeler (level 4, 0/42 HPs)
             Began as a Naga Berserker on Aug 11, 2018.
             Was a Believer of Trog.
             Slain by a rat (1 damage)
             ... on level 2 of the Dungeon.
             The game lasted 00:01:57 (1625 turns).

Exaltedone87 the Cudgeler (Naga Berserker)          Turns: 1625, Time: 00:01:58

Health: 0/42       AC:  3    Str: 20    XL:     4   Next: 3%
Magic:  4/4        EV: 10    Int:  8    God:    Trog [**....]
Gold:   71         SH:  0    Dex: 10    Spells: 3/3 levels left

rFire    . . .     SeeInvis +   a - +0 mace
rCold    . . .     Gourm    .   (no shield)
rNeg     . . .     Faith    .   b - +0 animal skin
rPois    +         Spirit   .   (no helmet)
rElec    .         Reflect  .   k - +0 cloak
rCorr    .         Harm     .   (no gloves)
MR       .....                  (no barding)
Stlth    ++........             (no amulet)
HPRegen  0.14/turn              (no ring)
MPRegen  0.09/turn              (no ring)

@: very slow
A: large, see invisible, deformed body, poison resistance, slowness 2, slow
metabolism 1, spit poison 1, AC +1
a: Spit Poison, Berserk, Trog's Hand, Renounce Religion


You were on level 2 of the Dungeon.
You worshipped Trog.
Trog was pleased with you.
You were not hungry.

You visited 1 branch of the dungeon, and saw 2 of its levels.

You collected 71 gold pieces.

Inventory:

Hand Weapons
 a - a +0 mace (weapon)
Armour
 b - a +0 animal skin (worn)
 k - a +0 cloak (worn)
Scrolls
 f - 4 scrolls of remove curse {unknown}
 g - 2 scrolls of amnesia {unknown}
 h - 2 scrolls of identify {unknown}
 i - a scroll of teleportation {unknown}
 l - a scroll of enchant armour {unknown}
Potions
 d - 2 potions of curing {unknown}
 e - 2 potions of degeneration {unknown}
 j - a potion of lignification {unknown}
Comestibles
 c - 2 rations
 m - 4 chunks of flesh


   Skills:
 + Level 3.3 Fighting
 * Level 3.7 Maces & Flails
 + Level 2.0 Armour
 + Level 1.9 Dodging
 + Level 1.9 Stealth


You had 3 spell levels left.
You didn't know any spells.
Your spell library was empty.

Dungeon Overview and Level Annotations

Branches:
Dungeon (2/15)

Altars:
Okawaru


Innate Abilities, Weirdness & Mutations

You cannot wear boots.
Your serpentine skin is tough. (AC +1)
You have supernaturally acute eyesight. (SInv)
Armour fits poorly on your strangely shaped body.
Your system is resistant to poisons. (rPois)
You cover ground very slowly.
You have a slow metabolism.
You can spit poison.


Message History

You thump the hobgoblin!
You kill the hobgoblin!
Trog accepts your kill.
You have reached level 4!
You feel clever. The bat closely misses you. The rat bites you.
* * * LOW HITPOINT WARNING * * *
The frilled lizard closely misses you. The rat bites you but does no damage.
You sock the frilled lizard!
You kill the frilled lizard!
Trog accepts your kill. The bat hits you but does no damage. The rat bites you.
* * * LOW HITPOINT WARNING * * *
You thump the bat!
You kill the bat!
Trog accepts your kill. The rat bites you.
* * * LOW HITPOINT WARNING * * *
You barely miss the rat. The rat bites you.
You die...

###...........# #
#..........##.## .#
..............# ..#
......<.. #..###..###
#...... #..#......
#.....# #..#.#..#
#.##...r)####....#..#
.......†@...........#
..##.#.#............#
#######.###..###
.........# .........#
####.####.# #.# #.#
#.# #.# #)#


You could see a rat.

Vanquished Creatures
  An adder (D:2)
  An ooze (D:2)
  A worm (D:2)
  A dart slug (D:1)
  3 giant cockroaches
  5 goblins
  A hobgoblin (D:2)
  3 jackals (D:2)
  A quokka (D:2)
  6 bats
  3 frilled lizards
  5 kobolds
  11 rats
42 creatures vanquished.

Notes
Turn   | Place    | Note
-------+----------+-------------------------------------------
     0 | D:1      | Exaltedone87 the Naga Berserker began the quest for the Orb.
     0 | D:1      | Reached XP level 1. HP: 21/21 MP: 1/1
   161 | D:1      | Reached XP level 2. HP: 27/28 MP: 2/2
   363 | D:1      | Reached skill level 1 in Stealth
  1163 | D:2      | Reached XP level 3. HP: 33/34 MP: 3/3
  1377 | D:2      | Found an iron altar of Okawaru.
  1447 | D:2      | Reached ** piety under Trog
  1622 | D:2      | Reached XP level 4. HP: 6/42 MP: 4/4
  1623 | D:2      | HP: 2/42 [rat (3)]
  1625 | D:2      | Slain by a rat

Skill      XL: |  1  2  3 |
---------------+----------+-----
Stealth        | 1 |  1.9
Armour         | 2 |  2.0
Fighting       | |  3.3
Maces & Flails | |  3.7
Dodging        | |  1.9

Action                   |  1- 3 |  4- 6 || total
-------------------------+-------+-------++-------
Melee: Mace              |   112 |     3 ||   115
Invok: Berserk           |     1 |       ||     1
  Eat: Chunk             |     2 |       ||     2
Armor: Animal skin       |    44 |     2 ||    46
Dodge: Dodged            |    81 |     2 ||    83
